 Dungeon Sprint DCSS version 0.19-a0-1626-g5215c36 (webtiles) character file.

18419 poirepourri the Imperceptible (level 12, -2/56 HPs)
             Began as a Spriggan Enchanter on Sept 18, 2016.
             Was the Champion of Dithmenos.
             Killed by divine providence
             ... invoked by a daeva
              (14 damage)
             ... in the Dungeon (Sprint I: "Red Sonja").
             The game lasted 00:14:30 (4732 turns).

poirepourri the Imperceptible (Spriggan Enchanter)  Turns: 4732, Time: 00:14:31

Health: -2/56      AC:  4    Str:  4    XL:     12   Next: 27%
Magic:  24/32      EV: 30    Int: 22    God:    Dithmenos [******]
Gold:   722        SH:  0    Dex: 19    Spells: 5 memorised, 30 levels left

rFire  . . .     SeeInvis +     s - +3 short sword (speed)
rCold  . . .     Gourm    .     o - +2 robe {Archmagi}
rNeg   . . .     Faith    .     (shield restricted)
rPois  +         Spirit   .     (helmet restricted)
rElec  .         Dismiss  +     (no cloak)
rCorr  .         Reflect  .     (gloves unavailable)
MR     ++++.     Harm     .     (boots unavailable)
Stlth  ++++++++++ NoTele   +    l - amulet of dismissal
                                z - ring of the Mage {Wiz MR++ Int+3}
                                x - ring of poison resistance

@: very slightly contaminated, invisible, very quick
A: unfitting armour, see invisible, herbivore 3, speed 3, slow metabolism 2
a: Shadow Step, Shadow Form, Renounce Religion


You were in the Dungeon.
You worshipped Dithmenos.
Dithmenos was exalted by your worship.
You were not hungry.

You visited 1 branch You collected 3119 gold pieces.
You spent 2397 gold pieces at shops.

Inventory:

Hand Weapons
 a - a +2 dagger
 d - a +0 blowgun
 i - a +0 dagger of venom
 s - a +3 short sword of speed (weapon)
Missiles
 m - 7 curare-tipped needles
Armour
 o - a +2 robe of the Archmagi (worn)
 p - a +2 robe of fire resistance
Jewellery
 l - an amulet of dismissal (around neck)
 n - an uncursed ring of protection from fire
 t - an uncursed amulet of faith
 x - a ring of poison resistance (left hand)
 y - an uncursed ring of resist corrosion
 z - the ring of the Mage (right hand) {Wiz MR++ Int+3}
   (You bought it in a shop in the Dungeon)

   [ring of wizardry]

   It improves your spell success rate.
   It affects your intelligence (+3).
   It affects your resistance to hostile enchantments.
 B - an uncursed amulet of rage
Scrolls
 C - a scroll of remove curse
Potions
 e - a potion of curing
 g - 2 potions of haste
 h - a potion of magic
 k - a potion of resistance
 r - 2 potions of cancellation
 v - a potion of agility
 w - a potion of might {unknown}
Books
 c - a book of Maledictions

   Spells                             Type                      Level
   a - Corona                         Hexes                        1
   b - Ensorcelled Hibernation        Hexes/Ice                    2
   c - Confuse                        Hexes                        3
   d - Tukima's Dance                 Hexes                        3
   e - Dazzling Spray                 Conjuration/Hexes            3
Comestibles
 A - 2 bread rations


   Skills:
 + Level 3.3 Fighting
 + Level 9.3 Short Blades
 + Level 12.4 Dodging
 + Level 25.9 Stealth
 + Level 15.8 Spellcasting
 + Level 3.5 Conjurations
 + Level 18.6 Hexes
 - Level 2.2 Ice Magic
 + Level 3.0 Invocations


You had 30 spell levels left.
You knew the following spells:

 Your Spells              Type           Power        Failure   Level  Hunger
a - Corona                Hex            #######      0%          1    None
b - Ensorcelled Hibernat  Hex/Ice        ######       1%          2    None
c - Confuse               Hex            #######.     0%          3    None
d - Tukima's Dance        Hex            #######.     0%          3    None
e - Dazzling Spray        Conj/Hex       ######       1%          3    None


Dungeon Overview and Level Annotations

Branches:
Dungeon (1/1)

Altars:
Cheibriados
Dithmenos
Elyvilon
Fedhas
Gozag
Hepliaklqana
Kikubaaqudgha
Makhleb
Nemelex Xobeh
Okawaru
Qazlal
Ru
Sif Muna
Trog
Uskayaw
Vehumet
Xom
Yredelemnul
Zin
The Shining One
Jiyva
Lugonu

Shops:
D ![?%*[[[[%(([[(??%=[=


Innate Abilities, Weirdness & Mutations

You are tiny and cannot use many weapons and most armour.
You have supernaturally acute eyesight. (SInv)
You are a herbivore.
You cover ground extremely quickly.
You need consume almost no food.


Message History

Confirm with . or Enter, or press ? or * to list all spells.
Aiming: Ensorcelled Hibernation
Press: ? - help, Shift-Dir - straight line, f/p - daeva
Aim: a daeva, wielding a scimitar of holy wrath and wearing an embroidered robe (chance to defeat MR: 0%)
You feel a surge of power!
The daeva resists with almost no effort.
The daeva calls down the wrath of the Shining One upon you.
The Shining One smites you!
* * * LOW HITPOINT WARNING * * *
Okay, then.
Blink to where?
Press: ? - help, Dir - move target cursor, p - daeva Really blink into a travel-excluded area?
As you read the scroll of blinking, it crumbles to dust.
Unknown command.
This door is marked as excluded!
Open it anyway?
You open the door.
The daeva calls down the wrath of the Shining One upon you.
The Shining One smites you!
You die...

#######################**********
.§.§§§§§§..'.§#^^'.§§.#,,,,,,,,,*
§####§§§§§##§.'§§#.§§§##,,,,,,,,*
§#[###§§§#######§#§.§§§#****,,,,*
§#'#.###'#§.(##.@#..§§.#,,,*,,,,*
##^..#y#.##...#..##.§§§#,∩,*,,,,*
.#...###..###.#..≈###§##,,,*,,,,*
.+....§##.#.#.#..≈))#.#***'*,,,,*
§#^..§§#..###.#.A≈.##'#,,,,**,,,*
§###''##.##...#..≈##..§,,,,,**,,*
###..###..#+###..≈#..§§§,,,,,*,,*
####..###...#,≈..##....s4,,,,**,*
#$$#..#$###.#.≈..#....§D,,,,,,*,*


You could see a daeva.

Vanquished Creatures
  A deep elf annihilator (D)
  A lorocyproca (D)
  A mummy priest (D)
  2 centaur warriors (D)
  Sonja (D)
  7 unseen horrors (D)
  A deep troll (D)
  A lindwurm (D)
  An oklob plant (D)
  8 shining eyes (D)
  A siren (D)
  A gargoyle (D)
  2 kobold demonologists (D)
  3 demonic crawlers (D)
  A slime creature (D)
  2 redbacks (D)
  A yak (D)
  Sigmund (D)
  13 hogs (D)
  6 floating eyes (D)
  7 necrophages (D)
  A wasp (D)
  An ogre (D)
  8 jellies (D)
  Ijyb (D)
  A ballistomycete (D)
  A ballistomycete spore (D)
75 creatures vanquished.

Vanquished Creatures (others)
  A deep elf master archer (D)
  A hydra (D)
  A siren (D)
  A gargoyle (D)
  A floating eye (D)
  4 wasps (D)
  A ballistomycete spore (D)
10 creatures vanquished.

Grand Total: 85 creatures vanquished

Notes
Turn   | Place    | Note
-------+----------+-------------------------------------------
     0 | D        | poirepourri the Spriggan Enchanter began the quest for the Orb.
     0 | D        | Reached XP level 1. HP: 9/9 MP: 5/5
     1 | D        | Noticed Ijyb
    16 | D        | Killed Ijyb
    16 | D        | Reached skill level 6 in Stealth
    16 | D        | Reached XP level 2. HP: 13/13 MP: 3/7
    44 | D        | Learned a level 2 spell: Ensorcelled Hibernation
   135 | D        | Noticed an ogre
   142 | D        | Killed an ogre
   142 | D        | Reached skill level 5 in Dodging
   142 | D        | Reached skill level 8 in Stealth
   142 | D        | Reached XP level 3. HP: 16/16 MP: 8/10
   142 | D        | Reached XP level 4. HP: 21/21 MP: 8/11
   174 | D        | Learned a level 3 spell: Confuse
   178 | D        | Learned a level 3 spell: Tukima's Dance
   182 | D        | Learned a level 3 spell: Dazzling Spray
   182 | D        | Noticed Sigmund
   185 | D        | Killed Sigmund
   185 | D        | Reached skill level 11 in Stealth
   185 | D        | Reached skill level 10 in Hexes
   185 | D        | Reached XP level 5. HP: 24/24 MP: 11/14
   199 | D        | Found a deep blue altar of Sif Muna.
   201 | D        | Found a radiant altar of Vehumet.
   205 | D        | Reached XP level 6. HP: 28/28 MP: 13/16
   247 | D        | Found Guceusch's Food Emporium.
   247 | D        | Found an ancient bone altar of Kikubaaqudgha.
   247 | D        | Found a hazy altar of Hepliaklqana.
   247 | D        | Found a stormy altar of Qazlal.
   247 | D        | Found a hide-covered altar of Uskayaw.
   247 | D        | Found a blossoming altar of Fedhas.
   247 | D        | Found a bloodstained altar of Trog.
   247 | D        | Found an iron altar of Okawaru.
   247 | D        | Found a basalt altar of Yredelemnul.
   247 | D        | Found a glowing golden altar of the Shining One.
   247 | D        | Found a snail-covered altar of Cheibriados.
   247 | D        | Found a sacrificial altar of Ru.
   247 | D        | Found a glowing silver altar of Zin.
   247 | D        | Found a shadowy altar of Dithmenos.
   247 | D        | Found a white marble altar of Elyvilon.
   247 | D        | Noticed a yak
   248 | D        | Found an opulent altar of Gozag.
   249 | D        | Killed a yak
   249 | D        | Reached skill level 12 in Stealth
   250 | D        | Found a sparkling altar of Nemelex Xobeh.
   258 | D        | Became a worshipper of Dithmenos the Shadowed
   281 | D        | Found a burning altar of Makhleb.
   281 | D        | Found a viscous altar of Jiyva.
   281 | D        | Found a shimmering altar of Xom.
   281 | D        | Found a corrupted altar of Lugonu.
   281 | D        | Noticed a slime creature
   293 | D        | Killed a slime creature
   293 | D        | Reached skill level 13 in Stealth
   293 | D        | Reached XP level 7. HP: 9/32 MP: 13/19
   493 | D        | Noticed Sonja
   498 | D        | Killed Sonja
   498 | D        | Reached skill level 15 in Stealth
   498 | D        | Reached skill level 1 in Ice Magic
   498 | D        | Reached XP level 8. HP: 25/36 MP: 17/21
   762 | D        | Noticed a deep troll
   766 | D        | Killed a deep troll
   766 | D        | Reached * piety under Dithmenos
   766 | D        | Reached skill level 17 in Stealth
   776 | D        | Found Maroofik's Armour Emporium.
   785 | D        | Bought a +2 robe of the Archmagi for 452 gold pieces
   819 | D        | Noticed a centaur warrior
   820 | D        | Noticed a centaur warrior
   823 | D        | Killed a centaur warrior
   823 | D        | Reached skill level 18 in Stealth
   823 | D        | Reached skill level 10 in Spellcasting
   823 | D        | Reached XP level 9. HP: 39/39 MP: 22/24
   824 | D        | Killed a centaur warrior
   824 | D        | Reached skill level 10 in Dodging
   824 | D        | Reached skill level 19 in Stealth
   824 | D        | Reached skill level 15 in Hexes
   840 | D        | Reached ** piety under Dithmenos
   906 | D        | Bought a +2 robe of fire resistance for 212 gold pieces
  1006 | D        | Noticed an oklob plant
  1008 | D        | Killed an oklob plant
  1019 | D        | Reached skill level 5 in Short Blades
  1019 | D        | Reached skill level 20 in Stealth
  1043 | D        | Noticed an unseen horror
  1043 | D        | Noticed an unseen horror
  1048 | D        | Killed an unseen horror
  1048 | D        | Reached XP level 10. HP: 42/44 MP: 25/25
  1050 | D        | Killed an unseen horror
  1050 | D        | Reached *** piety under Dithmenos
  1050 | D        | Reached skill level 21 in Stealth
  1209 | D        | Found Nouduo's Distillery.
  1223 | D        | Bought a potion of invisibility for 96 gold pieces
  1223 | D        | Bought a potion of heal wounds for 60 gold pieces
  1233 | D        | Bought 2 potions of cancellation for 192 gold pieces
  1307 | D        | Reached **** piety under Dithmenos
  1325 | D        | Reached ***** piety under Dithmenos
  1352 | D        | Reached skill level 22 in Stealth
  1538 | D        | Found Riut's Antique Armour Shoppe.
  1538 | D        | Found Puem's Antique Armour Shop.
  1538 | D        | Found Quvvapae's Antique Armour Boutique.
  1540 | D        | Found Loing's Food Emporium.
  1540 | D        | Found Ukeun's Weapon Shop.
  1540 | D        | Found Veyvvoug's Weapon Shoppe.
  1540 | D        | Found Zopunwu's Armour Boutique.
  1540 | D        | Found Fidil's Antique Armour Emporium.
  1540 | D        | Found Destunt's Weapon Shop.
  1540 | D        | Found Abyuneabue's Magic Scroll Shoppe.
  1544 | D        | Found Zyhomih's Magic Scroll Boutique.
  1547 | D        | Found Huxtyth's Jewellery Emporium.
  1547 | D        | Found Atreuluu's Food Boutique.
  1548 | D        | Found Xaog's Jewellery Emporium.
  1553 | D        | Bought a scroll of remove curse for 33 gold pieces
  1554 | D        | Bought a scroll of magic mapping for 45 gold pieces
  1613 | D        | Noticed a shining eye
  1613 | D        | Noticed a shining eye
  1613 | D        | Noticed a shining eye
  1614 | D        | Paralysed by a floating eye for 4 turns
  1618 | D        | Noticed a shining eye
  1619 | D        | Noticed a shining eye
  1628 | D        | Paralysed by a floating eye for 4 turns
  1634 | D        | Reached ****** piety under Dithmenos
  1771 | D        | Killed a shining eye
  1771 | D        | Reached skill level 1 in Fighting
  1837 | D        | Killed a shining eye
  1840 | D        | Killed a shining eye
  1840 | D        | Reached skill level 1 in Conjurations
  2002 | D        | Noticed a rust devil
  2298 | D        | Noticed a shining eye
  2299 | D        | Noticed a shining eye
  2299 | D        | Noticed a shining eye
  2300 | D        | Killed a shining eye
  2300 | D        | Reached XP level 11. HP: 48/48 MP: 23/29
  2301 | D        | Killed a shining eye
  2303 | D        | Killed a shining eye
  2303 | D        | Reached skill level 1 in Invocations
  2305 | D        | Killed a shining eye
  2305 | D        | Reached skill level 23 in Stealth
  2306 | D        | Killed a shining eye
  2317 | D        | Found Deadaf's Armour Shoppe.
  2317 | D        | Found Borebbed's General Store.
  2317 | D        | Found Urut's Magic Scroll Emporium.
  2317 | D        | Found Casse's Armour Boutique.
  2438 | D        | Bought an uncursed ring of protection from fire for 250 gold pieces
  2652 | D        | Killed a deep elf master archer
  3226 | D        | Noticed a lindwurm
  3228 | D        | Killed a lindwurm
  3276 | D        | Killed a 12-headed hydra
  3346 | D        | Reached skill level 24 in Stealth
  3453 | D        | Noticed a deep elf annihilator
  3494 | D        | Noticed a shadow dragon
  3531 | D        | Noticed a daeva
  3534 | D        | Noticed an unseen horror
  3534 | D        | Noticed an unseen horror
  3534 | D        | Noticed an unseen horror
  3535 | D        | Noticed an unseen horror
  3537 | D        | Killed an unseen horror
  3537 | D        | Reached skill level 15 in Spellcasting
  3538 | D        | Noticed an unseen horror
  3539 | D        | Killed an unseen horror
  3540 | D        | Killed an unseen horror
  3542 | D        | Killed an unseen horror
  3544 | D        | Killed an unseen horror
  3544 | D        | Reached skill level 25 in Stealth
  3544 | D        | Reached XP level 12. HP: 29/55 MP: 30/32
  3940 | D        | Bought an uncursed ring of poison resistance for 220 gold pieces
  3940 | D        | Bought an uncursed ring of resist corrosion for 220 gold pieces
  3942 | D        | Bought the ring of the Mage {Wiz MR++ Int+3} for 517 gold pieces
  3943 | D        | Bought a bread ration for 50 gold pieces
  3943 | D        | Bought a bread ration for 50 gold pieces
  4051 | D        | Noticed a lorocyproca
  4054 | D        | Killed a lorocyproca
  4367 | D        | Noticed a mummy priest
  4375 | D        | Killed a deep elf annihilator
  4478 | D        | Killed a mummy priest
  4732 | D        | Killed from afar by a daeva

Vault maps used:
D:        dungeon_sprint_1

Skill      XL: |  1  2  3  4  5  6  7  8  9 10 11 12 |
---------------+-------------------------------------+-----
Stealth        | 6 8 11 13 15 18 20 22 25 | 25.9
Spellcasting   | 3 4 6 7 8 10 13 15 | 15.8
Hexes          | 6 8 10 12 13 14 15 17 18 | 18.6
Dodging        | 5 6 8 9 10 11 12 | 12.4
Short Blades   | 2 3 4 5 6 8 9 |  9.3
Ice Magic      | 1 2 |  2.2
Fighting       | 1 2 3 |  3.3
Conjurations   | 2 3 |  3.5
Invocations    | 1 3 |  3.0

Action                   |  1- 3 |  4- 6 |  7- 9 | 10-12 || total
-------------------------+-------+-------+-------+-------++-------
Melee: Dagger            |    16 |     7 |    10 |    60 ||    93
       Short sword       |       |       |       |    66 ||    66
 Cast: Corona            |     2 |       |       |       ||     2
       Ensorcelled Hiber |       |     1 |     1 |    36 ||    38
       Confuse           |       |     1 |       |    10 ||    11
       Dazzling Spray    |       |       |       |    51 ||    51
Invok: Shadow Step       |       |       |       |     6 ||     6
       Shadow Form       |       |       |       |     1 ||     1
  Use: Potion            |     1 |       |       |     8 ||     9
       Scroll            |       |     1 |     2 |     6 ||     9
 Stab: Sleeping          |     1 |     4 |     8 |    40 ||    53
       Confused          |       |       |       |     7 ||     7
       Invisible         |       |       |       |     2 ||     2
  Eat: Bread ration      |       |     1 |       |       ||     1
Armor: Robe              |       |       |     1 |     7 ||     8
Dodge: Dodged            |    12 |     3 |     4 |    98 ||   117
